 Dungeon Crawl Stone Soup version 0.29.0-4-gdea44cf6ec (webtiles) character file.

Game seed: 11223830723420172998

1585 qw the Cleaver (level 8, -3/51 HPs)
             Began as a Gargoyle Fighter on Sept 9, 2022.
             Was a Follower of Okawaru.
             Slain by a hornet (10 damage)
             ... on level 7 of the Dungeon.
             The game lasted 00:02:54 (6417 turns).

qw the Cleaver (Gargoyle Fighter)                   Turns: 6417, Time: 00:02:54

Health: -3/51      AC: 23    Str: 25    XL:     8   Next: 92%
Magic:  5/8        EV:  9    Int: 10    God:    Okawaru [*.....]
Gold:   51         SH:  5    Dex:  9    Spells: 7/7 levels left

rFire   + . .      SeeInvis +   Y - +1 war axe
rCold   . . .      Faith    .   c - +0 buckler
rNeg    + . .      Spirit   .   p - +0 plate armour
rPois   inf        Reflect  .   (no helmet)
rElec   +          Harm     .   n - +0 cloak
rCorr   .          Rampage  .   j - +0 pair of gloves
Will    .....                   (no boots)
Stlth   ..........              (no amulet)
HPRegen 0.17/turn               b - ring of Exhibitionism {Wiz rF+ Str+2 Int+2 SInv}
MPRegen 0.11/turn               (no ring)

@: about to teleport, heroic
A: sickness immunity, AC +5, negative energy resistance 1, electricity
resistance, torment resistance 1, petrification resistance
a: Renounce Religion, Heroism


You were on level 7 of the Dungeon.
You worshipped Okawaru.
Okawaru was aware of your devotion.
You visited 2 branches of the dungeon, and saw 8 of its levels.
You also visited: Ossuary.

You collected 373 gold pieces.
You spent 322 gold pieces at shops.


Innate Abilities, Weirdness & Mutations

You are immune to sickness and miasma.
Your stone body is resilient. (AC +5)
You are immune to poison.
You resist negative energy. (rN+)
You are resistant to electric shocks. (rElec)
You are resistant to unholy torment.
You are immune to petrification.


   Skills:
 + Level 5.7(10.7) Fighting
 - Level 8.0(13.0) Axes
 - Level 1.0(6.0) Throwing
 - Level 5.7(10.7) Armour
 - Level 2.0(7.0) Dodging
 - Level 3.2(8.2) Shields
 + Level 0.0 Invocations


You had 7 spell levels left.
You didn't know any spells.
Your spell library was empty.

Inventory:

Hand Weapons
 l - a +0 flail
 Y - a +1 war axe (weapon)
Missiles
 m - a boomerang (quivered)
Armour
 c - a +0 buckler (worn)
 j - a +0 pair of gloves (worn)
 n - a +0 cloak (worn)
 p - a +0 plate armour (worn)
Jewellery
 b - the ring of Exhibitionism (left hand) {Wiz rF+ Str+2 Int+2 SInv}
   (You acquired it on level 4 of the Dungeon)

   [ring of wizardry]

   It improves your spell success rate.
   Str:       It affects your strength (+2).
   Int:       It affects your intelligence (+2).
   rF:        It protects you from fire.
   SInv:      It lets you see invisible.
Scrolls
 a - 2 scrolls of identify
 h - 2 scrolls of fog
 k - 3 scrolls of teleportation
Potions
 d - 2 potions of might
 e - a potion of cancellation
 f - a potion of lignification
 g - a potion of magic
 i - a potion of heal wounds {unknown}
 o - 6 potions of curing
 q - a potion of haste
 s - 3 potions of attraction

Dungeon Overview and Level Annotations

Branches:
Dungeon (7/15)             Temple (1/1) D:5         Ossuary (visited)

Altars:
Elyvilon
Gozag
Hepliaklqana
Kikubaaqudgha
Makhleb
Nemelex Xobeh
Okawaru
Qazlal
Ru
Uskayaw
Vehumet
Xom
Zin
The Shining One

Shops:
D:7 !

Annotations:
D:6 2 transporters, qw's ghost, novice DsCA


Message History

The hornet stings you.
The hornet stings you but does no damage.
You hit the hornet but do no damage.
The hornet is lightly wounded.
The hornet stings you.
You closely miss the hornet.
The hornet is lightly wounded.
The hornet stings you.
You closely miss the hornet.
The hornet stings you but does no damage.
You hit the hornet but do no damage.
The hornet stings you but does no damage.
The hornet stings you.
You miss the hornet.
The hornet stings you but does no damage.
You hit the hornet but do no damage.
The hornet stings you but does no damage.
You slash the hornet!
The hornet is moderately wounded.
The hornet stings you but does no damage.
You closely miss the hornet.
The hornet is moderately wounded.
The hornet stings you but does no damage.
The hornet barely misses you.
You barely miss the hornet.
The hornet is moderately wounded.
You feel like a meek peon again. The hornet stings you.
6415 ||| INVOKING Heroism.
You gain the combat prowess of a mighty hero.
The hornet stings you but does no damage.
The hornet stings you!
6416 ||| READING 4 scrolls of teleportation.
As you read the scroll of teleportation, it crumbles to dust.
You feel strangely unstable.
The hornet stings you but does no damage.
You miss the hornet.
The hornet is moderately wounded.
The hornet stings you!
You die...

<. #..#....
#.......###..#....
######.......##.###....
#............#..#\'....
#...............###....
#...)..............##..
#.)\).............####
#..).y....:.......#
#....@............#
#####.......###.###
#.......###.#####
#...............#
#.......###.###.#
###...#.......#.#
#.#.#.###.#.#.#
#.#.......#.#.#
#.###(#####.#.#


You could see a hornet.

Vanquished Creatures
  Sigmund (D:3)
  A steam dragon (D:7)
  An orc warrior (D:7)
  An ice beast (D:5)
  2 ogres
  2 necrophages
  2 bullfrogs (D:7)
  A scorpion (D:5)
  2 hounds
  2 orc priests (D:6)
  A jelly (D:6)
  Ijyb (D:3)
  4 orc wizards
  An iguana (D:5)
  3 mummies (Ossuary)
  11 adders
  A shadow imp (D:7)
  A white imp (D:7)
  3 ufetubi
  An adder zombie (Ossuary)
  3 worms
  3 dart slugs
  19 orcs
  2 endoplasms (D:4)
  6 giant cockroaches
  11 goblins
  2 hobgoblins
  9 jackals
  4 quokkas
  6 ball pythons
  3 bats
  4 frilled lizards
  5 goblin zombies (Ossuary)
  2 hobgoblin zombies (Ossuary)
  7 kobolds
  3 kobold zombies (Ossuary)
  2 orc zombies (Ossuary)
  A quokka zombie (Ossuary)
  9 rats
  4 rat zombies (Ossuary)
147 creatures vanquished.

Notes
Turn   | Place    | Note
-------+----------+-------------------------------------------
     0 | D:1      | qw the Gargoyle Fighter began the quest for the Orb.
     0 | D:1      | Reached XP level 1. HP: 14/14 MP: 1/1
     0 | D:1      | 0 ||| qw: Version: 0.1-a-113-g051387a
     0 | D:1      | 0 ||| qw: Game counter: 7328
     0 | D:1      | 0 ||| qw: Always use a shield: true
     0 | D:1      | 0 ||| qw: God list: Okawaru
     0 | D:1      | 0 ||| qw: Allow faded altars: false
     0 | D:1      | 0 ||| qw: Do Orc after D:15 true
     0 | D:1      | 0 ||| qw: Do second Lair branch before Depths: true
     0 | D:1      | 0 ||| qw: Lair rune preference: random
     0 | D:1      | 0 ||| qw: Plans: Normal, Zot, God:TSO, Crypt, Tomb, Zig,
                  | Orb
     0 | D:1      | 0 ||| PLANNING D:1-11
   316 | D:1      | Reached skill level 2 in Axes
   375 | D:1      | 375 ||| Stepping ~*~*~tactically~*~*~ (stealth).
   381 | D:1      | 381 ||| Stepping ~*~*~tactically~*~*~ (stealth).
   388 | D:1      | Reached XP level 2. HP: 17/19 MP: 2/2
   444 | D:1      | 444 ||| Stepping ~*~*~tactically~*~*~ (stealth).
   459 | D:1      | Found a faded altar of an unknown god.
   994 | D:1      | 994 ||| DROPPING amulet of faith.
   995 | D:1      | 995 ||| READING scroll labelled OXZUKI ZEFFO.
   996 | D:1      | 996 ||| READING 2 scrolls labelled WUTTIAMATT.
   997 | D:1      | 997 ||| DROPPING scroll of magic mapping.
  1111 | D:2      | Found an ancient bone altar of Kikubaaqudgha.
  1130 | D:2      | 1130 ||| Stepping ~*~*~tactically~*~*~ (stealth).
  1135 | D:2      | 1135 ||| Stepping ~*~*~tactically~*~*~ (stealth).
  1145 | D:2      | Reached skill level 3 in Axes
  1148 | D:2      | Reached XP level 3. HP: 15/23 MP: 3/3
  1780 | D:2      | 1780 ||| READING scroll labelled TOYNGYLIEC.
  1824 | D:2      | 1824 ||| READING scroll labelled LIPOVOPUETZ.
  1825 | D:2      | 1825 ||| READING scroll labelled KICLYL ZID POX.
  1826 | D:2      | 1826 ||| READING scroll labelled LOARCH QAOPUIBIU.
  1827 | D:2      | 1827 ||| DRINKING 3 lumpy blue potions.
  1828 | D:2      | 1828 ||| DRINKING 2 smoky dark potions.
  1829 | D:2      | 1829 ||| READING 4 scrolls of identify.
  1829 | D:2      | 1829 ||| IDENTIFYING coppery potion
  1830 | D:2      | 1830 ||| DROPPING potion of ambrosia.
  1831 | D:2      | 1831 ||| DROPPING 2 potions of brilliance.
  2080 | D:3      | Reached XP level 4. HP: 28/28 MP: 4/4
  2085 | D:3      | Noticed Sigmund
  2096 | D:3      | 2096 ||| DRINKING potion of curing.
  2096 | D:3      | 2096 ||| (to cure confusion)
  2100 | D:3      | Killed Sigmund
  2101 | D:3      | Reached skill level 5 in Axes
  2101 | D:3      | Reached XP level 5. HP: 32/32 MP: 5/5
  2101 | D:3      | Reached XP level 6. HP: 37/37 MP: 6/6
  2333 | D:3      | 2333 ||| Stepping ~*~*~tactically~*~*~ (stealth).
  2394 | D:3      | Noticed Ijyb
  2395 | D:3      | 2395 ||| Stepping ~*~*~tactically~*~*~ (hiding).
  2411 | D:3      | Killed Ijyb
  2692 | D:3      | Found a burning altar of Makhleb.
  2703 | D:3      | Noticed a balrug
  2707 | D:3      | Noticed an orange demon
  2707 | D:3      | Noticed a ynoxinul
  2714 | D:3      | 2714 ||| UPGRADING to +0 chain mail.
  2724 | D:3      | 2724 ||| DROPPING +0 scale mail.
  2725 | D:3      | 2725 ||| UPGRADING to +0 pair of gloves.
  2730 | D:3      | 2730 ||| UPGRADING to +0 cloak.
  2735 | D:3      | 2735 ||| READING 2 scrolls labelled NEGUOMN YMENY.
  2736 | D:3      | 2736 ||| READING scroll labelled TYPTOG BEPTUE.
  2737 | D:3      | 2737 ||| READING scroll labelled XIGGOULEZO.
  2738 | D:3      | 2738 ||| READING 3 scrolls of identify.
  2738 | D:3      | 2738 ||| IDENTIFYING amethyst potion
  2739 | D:3      | 2739 ||| READING 2 scrolls of identify.
  2739 | D:3      | 2739 ||| IDENTIFYING murky ruby potion
  2740 | D:3      | 2740 ||| DROPPING potion of flight.
  2741 | D:3      | 2741 ||| DROPPING scroll of vulnerability.
  2758 | D:4      | 2758 ||| STAIRDANCE
  2998 | D:4      | 2998 ||| Stepping ~*~*~tactically~*~*~ (hiding).
  3007 | D:4      | 3007 ||| Stepping ~*~*~tactically~*~*~ (stealth).
  3076 | D:4      | 3076 ||| Stepping ~*~*~tactically~*~*~ (stealth).
  3085 | D:4      | Reached skill level 6 in Axes
  3135 | D:4      | Found a white marble altar of Elyvilon.
  3195 | D:4      | Reached XP level 7. HP: 43/43 MP: 7/7
  3376 | D:4      | 3376 ||| READING scroll labelled YZAICA RENAIWN.
  3377 | D:4      | 3377 ||| READING scroll labelled AHOIHOL FOYTHO.
  3377 | D:4      | Identified a scroll of acquirement
  3377 | D:4      | 3377 ||| ACQUIRING ring of Exhibitionism {Wiz rF+ Str+2
                  | Int+2 SInv}
  3377 | D:4      | Acquired the ring of Exhibitionism {Wiz rF+ Str+2 Int+2
                  | SInv}
  3379 | D:4      | 3379 ||| UPGRADING to ring of Exhibitionism {Wiz rF+ Str+2
                  | Int+2 SInv}.
  3380 | D:4      | 3380 ||| READING scroll labelled GOMIQADGHIRR.
  3421 | D:5      | Entered Level 5 of the Dungeon
  3454 | D:5      | Found an opulent altar of Gozag.
  3966 | D:5      | Found a staircase to the Ecumenical Temple.
  3967 | D:5      | 3967 ||| PLANNING TEMPLE
  3967 | D:5      | 3967 ||| DROPPING ring of magical power.
  3968 | D:5      | 3968 ||| READING 3 scrolls labelled INIDOO EVEGUVA.
  3972 | D:5      | 3972 ||| READING 2 scrolls of identify.
  3972 | D:5      | 3972 ||| IDENTIFYING fizzy inky potion
  3973 | D:5      | 3973 ||| DROPPING potion of invisibility.
  3997 | Temple   | Entered the Ecumenical Temple
  4024 | Temple   | Became a worshipper of Warmaster Okawaru
  4046 | Temple   | 4046 ||| PLANNING D:1-11
  4193 | D:5      | Reached skill level 7 in Axes
  4286 | D:5      | Reached XP level 8. HP: 48/48 MP: 8/8
  4329 | D:5      | Found a hide-covered altar of Uskayaw.
  4575 | D:5      | 4575 ||| DRINKING 2 bubbling red potions.
  4609 | D:6      | 4609 ||| Stepping ~*~*~tactically~*~*~ (stealth).
  4614 | D:6      | 4614 ||| Stepping ~*~*~tactically~*~*~ (stealth).
  4685 | D:6      | 4685 ||| Stepping ~*~*~tactically~*~*~ (stealth).
  4819 | D:6      | 4819 ||| Stepping ~*~*~tactically~*~*~ (hiding).
  4820 | D:6      | 4820 ||| Stepping ~*~*~tactically~*~*~ (hiding).
  4857 | D:6      | 4857 ||| DRINKING 2 potions of curing.
  4857 | D:6      | 4857 ||| (to cure confusion)
  5003 | D:6      | 5003 ||| DROPPING +0 whip.
  5195 | D:6      | Found a transporter.
  5195 | D:6      | Noticed qw's ghost (novice DsCA)
  5205 | D:6      | Found a transporter.
  5470 | D:6      | Found a hazy altar of Hepliaklqana.
  5617 | D:6      | 5617 ||| DROPPING ring of flight.
  5642 | D:7      | 5642 ||| PLANNING OSSUARY
  5666 | D:7      | Reached skill level 8 in Axes
  5766 | D:7      | 5766 ||| Stepping ~*~*~tactically~*~*~ (hiding).
  5769 | D:7      | 5769 ||| Stepping ~*~*~tactically~*~*~ (hiding).
  5770 | D:7      | 5770 ||| Stepping ~*~*~tactically~*~*~ (hiding).
  5876 | D:7      | 5876 ||| Stepping ~*~*~tactically~*~*~ (stealth).
  5882 | D:7      | 5882 ||| Stepping ~*~*~tactically~*~*~ (stealth).
  5992 | D:7      | Found a sand-covered staircase.
  5993 | D:7      | 5993 ||| UPGRADING to +0 plate armour.
  6003 | D:7      | 6003 ||| DROPPING +0 chain mail.
  6010 | Ossuary  | Entered an ossuary
  6027 | Ossuary  | Reached skill level 1 in Throwing
  6235 | Ossuary  | 6235 ||| READING scroll labelled LALIMM HESEA.
  6236 | Ossuary  | 6236 ||| DRINKING 2 metallic blue potions.
  6237 | Ossuary  | 6237 ||| DRINKING 2 blue potions.
  6238 | Ossuary  | 6238 ||| READING 2 scrolls of identify.
  6238 | Ossuary  | 6238 ||| IDENTIFYING pink potion
  6239 | Ossuary  | 6239 ||| DROPPING potion of degeneration.
  6244 | D:7      | 6244 ||| PLANNING D:1-11
  6246 | D:7      | 6246 ||| Stepping ~*~*~tactically~*~*~ (stealth).
  6324 | D:7      | Found Qavuciti's Distillery.
  6333 | D:7      | 6333 ||| BUYING potion of attraction (42 gold).
  6333 | D:7      | Bought a potion of attraction for 42 gold pieces
  6333 | D:7      | 6333 ||| BUYING potion of attraction (42 gold).
  6333 | D:7      | Bought a potion of attraction for 42 gold pieces
  6333 | D:7      | 6333 ||| BUYING potion of curing (42 gold).
  6333 | D:7      | Bought a potion of curing for 42 gold pieces
  6333 | D:7      | 6333 ||| BUYING potion of curing (42 gold).
  6333 | D:7      | Bought a potion of curing for 42 gold pieces
  6333 | D:7      | 6333 ||| BUYING potion of curing (42 gold).
  6333 | D:7      | Bought a potion of curing for 42 gold pieces
  6333 | D:7      | 6333 ||| BUYING potion of magic (112 gold).
  6333 | D:7      | Bought a potion of magic for 112 gold pieces
  6333 | D:7      | 6333 ||| SHOPLISTING potion of might (56 gold, have 51).
  6333 | D:7      | 6333 ||| SHOPLISTING potion of mutation (112 gold, have
                  | 51).
  6393 | D:7      | Noticed a hornet
  6394 | D:7      | Reached * piety under Okawaru
  6402 | D:7      | 6402 ||| INVOKING Heroism.
  6403 | D:7      | 6403 ||| INVOKING Heroism.
  6415 | D:7      | 6415 ||| INVOKING Heroism.
  6415 | D:7      | HP: 7/51 [hornet (8)]
  6416 | D:7      | 6416 ||| READING 4 scrolls of teleportation.
  6417 | D:7      | Slain by a hornet

Levels and vault maps discovered:
D:1:      lightli_arrival_isolated_outpost, layout_basic,
          hellmonk_ecumenical_altar_zigzags, minmay_worlds_worst_comb
D:2:      layout_basic, basic_altar
D:3:      kennysheep_goblin_castle, layout_rooms, makhleb_altar_promises_db,
          uniq_sigmund, uniq_ijyb
D:4:      layout_cave_pools, elyvilon_altar_3
D:5:      layout_basic, mainiacjoe_overflow_surrounded_room,
          eat_drink_and_be_merry_uskayaw, temple_doors_e,
          chequers_serial_rivers_room_b
D:6:      layout_loops_corners, mainiacjoe_overflow_brackets,
          gammafunk_ghost_arena, chequers_serial_rivers_small_a
D:7:      minmay_chambers_of_fours, layout_basic, lemuel_coloured_pillars_altar,
          enter_ossuary_3, serial_shops, nicolae_shop_window_shopping,
          enter_bailey_2, uniq_menkaure
Temple:   nicolae_temple_god_jail

Skill      XL: |  1  2  3  4  5  6  7  8 |
---------------+-------------------------+-----
Axes           | 2 3 5 6 7 8 |  8.0
Fighting       | 4 5 |  5.7
Dodging        | 2 |  2.0
Armour         | 5 |  5.7
Throwing       | 1 |  1.0
Shields        | |  3.2

Action                   |  1- 3 |  4- 6 |  7- 9 || total
-------------------------+-------+-------+-------++-------
Melee: War axe           |   122 |   109 |   261 ||   492
Throw: Boomerang         |       |       |    32 ||    32
Invok: Heroism           |       |       |     2 ||     2
  Use: Scroll            |     7 |     5 |     8 ||    20
       Potion            |     2 |     1 |     4 ||     7
Armor: Scale mail        |    85 |    43 |       ||   128
       Chain mail        |       |    22 |   107 ||   129
       Plate armour      |       |       |    45 ||    45
Dodge: Dodged            |    70 |    49 |    76 ||   195
Block: Buckler           |    30 |    13 |    38 ||    81

Table legend:
 A = Non-vault XP
 B = Vault XP
 C = Vault XP percentage of total XP
 D = Non-vault monster count
 E = Vault monster count
 F = Vault count percentage of total count
                 A         B        C        D         E       F
            +---------+---------+-------+---------+---------+-------
      Total |    1883 |     382 |  16.9 |     108 |      39 |  26.5
            +---------+---------+-------+---------+---------+-------
        D:1 |      16 |      10 |  38.5 |      12 |       5 |  29.4
        D:2 |      33 |       0 |   0.0 |      13 |       0 |   0.0
        D:3 |      63 |     295 |  82.4 |      18 |      13 |  41.9
        D:4 |     339 |       0 |   0.0 |      20 |       0 |   0.0
        D:5 |     485 |       0 |   0.0 |      16 |       0 |   0.0
        D:6 |     270 |       0 |   0.0 |      12 |       0 |   0.0
        D:7 |     677 |       0 |   0.0 |      17 |       0 |   0.0
    Ossuary |       0 |      77 | 100.0 |       0 |      21 | 100.0
            +---------+---------+-------+---------+---------+-------
